 Dungeon Crawl Stone Soup version 0.28.0 (webtiles) character file.

Game seed: 8489482532144725859

146 Acheron the Ducker (level 5, -2/46 HPs)
             Began as a Troll Venom Mage on Feb 17, 2022.
             Slain by a goblin (5 damage)
             ... led by Robin
             ... on level 3 of the Dungeon.
             The game lasted 00:05:13 (1399 turns).

Acheron the Ducker (Troll Venom Mage)               Turns: 1399, Time: 00:05:14

Health: -2/46      AC:  4    Str: 16    XL:     5   Next: 7%
Magic:  6/6        EV: 10    Int: 11    God:
Gold:   136        SH:  0    Dex: 12    Spells: 6/7 levels left

rFire   . . .      SeeInvis .     - Unarmed
rCold   . . .      Faith    .   (no shield)
rNeg    . . .      Spirit   .   a - +0 robe
rPois   .          Reflect  .   (helmet restricted)
rElec   .          Harm     .   (no cloak)
rCorr   .          Rampage  .   (gloves unavailable)
Will    .....                   (boots unavailable)
Stlth   ++........              (no amulet)
HPRegen 0.95/turn               (no ring)
MPRegen 0.10/turn               (no ring)

@: no status effects
A: large, unfitting armour, claws 3, regeneration 1, shaggy fur 1, tough skin 1
a: no special abilities


You were on level 3 of the Dungeon.
You visited 1 branch of the dungeon, and saw 4 of its levels.

You collected 136 gold pieces.

Inventory:

Hand Weapons
 e - a +1 spear of venom
Armour
 a - a +0 robe (worn)
 g - an orb of energy
Scrolls
 c - a scroll of silence {unknown}
 i - a scroll of fear {unknown}
 j - a scroll of identify
 l - a scroll of enchant weapon {unknown}
Potions
 b - a potion of flight {unknown}
 d - 2 potions of invisibility
 f - a potion of haste {unknown}
 h - a potion of brilliance {unknown}
 k - a potion of heal wounds {unknown}


   Skills:
 * Level 0.8 Fighting
 * Level 2.6 Dodging
 * Level 1.5 Stealth
 * Level 2.4 Unarmed Combat
 + Level 1.5 Spellcasting
 + Level 0.6 Transmutations
 + Level 2.4 Poison Magic


You had 6 spell levels left.
You knew the following spells:

 Your Spells              Type           Power      Damage    Failure   Level
a - Sting                 Tmut/Pois      16%        1d3       17%         1

Your spell library contained the following spells:

 Spells                   Type           Power      Damage    Failure   Level
 Poisonous Vapours        Pois/Air       6%         N/A       28%         2
 Mephitic Cloud           Conj/Pois/Air  2%         N/A       54%         3
 Olgreb's Toxic Radiance  Pois           6%         N/A       75%         4
 Malign Gateway           Summ/Tloc      0%         N/A       100%        7
 Summon Horrible Things   Summ           0%         N/A       100%        8


Dungeon Overview and Level Annotations

Branches:
Dungeon (4/15)
 Temple: D:4-7

Altars:
Beogh

Annotations:
D:3 3 runed translucent doors, Grinder; Robin; waddelsworth's ghost, amateur GrEE


Innate Abilities, Weirdness & Mutations

You are too large for most types of armour.
You have claws for hands.
Your natural rate of healing is unusually fast.
You are covered in fur. (AC +1)
You have tough skin. (AC +1)


Message History

You barely miss the goblin.
The goblin is moderately wounded.
The goblin hits you but does no damage. The goblin closely misses you.
You scratch the goblin.
You kill the goblin!
The goblin hits you but does no damage. The goblin hits you with a +0 club.
You scratch the goblin.
You kill the goblin!
The goblin hits you but does no damage.
You completely miss the goblin. Your claw misses the goblin.
The goblin hits you with a +0 dagger.
Robin hits you from afar with a +4 spear!
The goblin hits you with a +0 club.
You closely miss the goblin. The hobgoblin hits you.
The goblin hits you but does no damage.
Robin hits you from afar with a +4 spear.
* * * LOW HITPOINT WARNING * * *
The goblin hits you but does no damage.
You scratch the hobgoblin.
The hobgoblin is heavily wounded.
The hobgoblin closely misses you. The goblin hits you but does no damage.
Robin hits you from afar with a +4 spear.
* * * LOW HITPOINT WARNING * * *
The goblin misses you.
Unknown command.
You scratch the hobgoblin.
The hobgoblin is almost dead.
The hobgoblin barely misses you. The goblin closely misses you.
You completely miss the hobgoblin. You claw the hobgoblin.
You kill the hobgoblin!
Robin hits you from afar with a +4 spear!
* * * LOW HITPOINT WARNING * * *
The goblin misses you. The goblin hits you with a +0 dagger.
* * * LOW HITPOINT WARNING * * *
Okay, then.
As you read the scroll labelled NAOG TOOKH, it crumbles to dust.
It is a scroll of identify.
d - 2 potions of invisibility The goblin hits you with a +0 club.
You die...

#..g#..# #.h≈≈≈#.#
#.gg#..#########≈≈.#
#gg.#......†...#≈≈.#
#...#......)...'...#
#ggg#..........'...#
#...#..........'...#
#...#..........#≈≈##
#g'##..#########≈≈#
#...g..#...#g@≈≈≈##
#......)...ggg≈≈≈#
#......#...#..≈≈##
#################


You could see Robin, a hobgoblin (strong) and 2 goblins.

Vanquished Creatures
  Jessica (D:2)
  Natasha (twice) (D:2)
  An adder (D:3)
  2 dart slugs (D:1)
  A worm (D:3)
  4 orcs (D:3)
  A ball python (D:3)
  An endoplasm (D:3)
  2 giant cockroaches (D:1)
  13 goblins
  4 hobgoblins
  A jackal (D:3)
  2 kobolds
  2 quokkas (D:1)
  2 bats (D:1)
  8 frilled lizards
  4 rats (D:1)
51 creatures vanquished.

Notes
Turn   | Place    | Note
-------+----------+-------------------------------------------
     0 | D:1      | Acheron the Troll Venom Mage began the quest for the Orb.
     0 | D:1      | Reached XP level 1. HP: 16/16 MP: 1/1
   153 | D:1      | Reached XP level 2. HP: 19/24 MP: 3/3
   649 | D:2      | Noticed Natasha
   652 | D:2      | Noticed a crimson imp
   654 | D:2      | Killed Natasha
   655 | D:2      | Reached skill level 1 in Unarmed Combat
   655 | D:2      | Reached XP level 3. HP: 30/31 MP: 4/4
   694 | D:2      | Noticed Natasha
   702 | D:2      | Killed Natasha
   703 | D:2      | Reached XP level 4. HP: 29/40 MP: 5/5
   796 | D:2      | Noticed Jessica
   800 | D:2      | Killed Jessica
   989 | D:3      | Noticed waddelsworth's ghost (amateur GrEE)
   990 | D:3      | Found a runed translucent gate.
   990 | D:3      | Found a runed translucent gate.
   990 | D:3      | Found a runed translucent gate.
  1303 | D:3      | Noticed Grinder
  1348 | D:3      | Reached XP level 5. HP: 46/46 MP: 6/6
  1362 | D:3      | Noticed Robin
  1398 | D:3      | HP: 2/46 [goblin[Robin] (3)]
  1399 | D:3      | Slain by a goblin

Illustrated notes

Levels and vault maps discovered:
D:1:      evilmike_arrival_crescent, layout_basic
D:2:      layout_basic, basic_altar, uniq_jessica, uniq_terence, uniq_natasha
D:3:      kennysheep_goblin_castle, layout_basic, biasface_ghost_orc_armoury,
          minmay_misc_feat_five, uniq_grinder
D:4:      layout_rooms

Skill      XL: |  1  2  3  4 |
---------------+-------------+-----
Dodging        | 2 |  2.6
Unarmed Combat | 1 2 |  2.4
Fighting       | |  0.8
Stealth        | |  1.5
Spellcasting   | |  1.5
Transmutations | |  0.6
Poison Magic   | |  2.4

Action                   |  1- 3 |  4- 6 || total
-------------------------+-------+-------++-------
Melee: Unarmed           |    88 |    69 ||   157
       Punch             |     1 |     2 ||     3
  Use: Scroll            |       |     1 ||     1
 Stab: Sleeping          |     1 |     3 ||     4
Armor: Robe              |    32 |    23 ||    55
Dodge: Dodged            |    39 |    40 ||    79
